AoeStats
← 钓鱼佬

Arabia

505228928Analyzed
4v4 RM · 24d ago on Sep 8, 2026· 41m 51s· 8 players
Game mode
Random Map
Map size
Large (8 player)
Population
200
Speed
Normal
Resources
Standard
Victory
Conquest
Starting age
Dark Age
Ending age
Imperial Age
RankedLock teamsTeams togetherTeam positionsShared explorationLock speedFull tech treeHidden civsTurbo modeCheats
Victory
Defeat
🇦🇷 Tupi · Argentina
1685
+13
🇭🇰 Persians · Hong Kong SAR China
1667
+14
🇹🇼 Maya · Taiwan
1554
+18
🇹🇼 Franks · Taiwan
1539
+19
🇨🇳 Magyars · China
1780
-22
🇨🇳 Tupi · China
1615
-16
🇨🇳 Jurchens · China
1576
-15
🇭🇰 Maya · Hong Kong SAR China
1483
-11
[AirBo]實心包
6:27 Loom
9:14 Feudal Age
9:53 Double-Bit Axe
16:01 Scale Barding Armor
17:20 Forging
19:20 Bloodlines
25:47 Castle Age
24:53 Wheelbarrow
25:52 Light Cavalry
27:00 Chain Barding Armor
30:32 Husbandry
34:31 Gold Mining
36:19 Iron Casting
37:30 Fletching
[AirBo]一大包
8:57 Feudal Age
7:34 Loom
9:56 Double-Bit Axe
17:01 Scale Barding Armor
18:36 Forging
22:19 Castle Age
22:04 Gold Mining
23:20 Chain Barding Armor
22:22 Light Cavalry
23:02 Husbandry
24:44 Bow Saw
33:21 Iron Casting
33:28 Wheelbarrow
37:35 Iron Casting
40:33 Imperial Age
39:43 Town Watch
42:08 Plate Barding Armor
甜心包
0:27 Loom
9:14 Feudal Age
10:05 Double-Bit Axe
13:47 Fletching
17:43 Padded Archer Armor
23:47 Castle Age
22:22 Horse Collar
22:39 Gold Mining
23:48 Crossbowman
24:25 Bodkin Arrow
26:20 Ballistics
30:04 Wheelbarrow
35:17 Imperial Age
33:55 Thumb Ring
35:58 Bracer
35:19 Arbalester
40:51 Leather Archer Armor
42:12 Chemistry
[AirBo]空氣包
5:27 Loom
9:36 Feudal Age
12:21 Fletching
18:45 Padded Archer Armor
20:48 Wheelbarrow
24:12 Castle Age
23:23 Double-Bit Axe
23:23 Horse Collar
24:22 Crossbowman
24:58 Bodkin Arrow
26:00 Ballistics
25:58 Leather Archer Armor
27:29 Elite Skirmisher
28:23 Bow Saw
30:15 Town Watch
38:26 Imperial Age
36:42 Heavy Plow
38:25 Stone Mining
38:27 Gold Mining
39:08 Bracer
40:10 Chemistry
39:21 Elite Blackwood Archer
0g123451
6:12 Loom
9:14 Feudal Age
11:29 Double-Bit Axe
15:23 Fletching
16:59 Horse Collar
18:35 Padded Archer Armor
21:58 Gold Mining
24:56 Castle Age
25:39 Bodkin Arrow
25:24 Crossbowman
30:02 Bow Saw
33:20 Ballistics
34:09 Leather Archer Armor
35:42 Heavy Plow
37:56 Wheelbarrow
41:47 Imperial Age
41:18 Hand Cart
41:44 Gold Shaft Mining
青衫天子
8:51 Feudal Age
9:51 Loom
9:59 Double-Bit Axe
15:28 Bloodlines
15:50 Scale Barding Armor
18:32 Horse Collar
21:49 Wheelbarrow
24:53 Castle Age
25:00 Light Cavalry
25:41 Husbandry
26:01 Chain Barding Armor
26:53 Hand Cart
28:59 Town Watch
33:40 Heavy Plow
34:21 Bow Saw
36:52 Gold Mining
42:28 Imperial Age
钓鱼佬
6:01 Loom
9:25 Feudal Age
10:01 Horse Collar
10:18 Double-Bit Axe
16:38 Forging
17:52 Wheelbarrow
18:00 Scale Barding Armor
19:49 Bloodlines
21:56 Fishing Lines
26:45 Castle Age
26:16 Gold Mining
28:10 Iron Casting
29:15 Husbandry
30:22 Chain Barding Armor
35:25 Gillnets
南园寺
0:36 Loom
10:09 Feudal Age
10:39 Double-Bit Axe
13:15 Fletching
14:57 Padded Archer Armor
22:46 Castle Age
21:00 Gold Mining
21:52 Horse Collar
22:49 Crossbowman
23:28 Bodkin Arrow
25:21 Ballistics
27:43 Bow Saw
28:52 Wheelbarrow
30:52 Thumb Ring
37:59 Town Watch
41:47 Imperial Age
Connection lost

Rejoining the realm…

Still unreachable

The connection could not be restored.

Session expired

The server has moved on; the page needs a fresh start.